 Dungeon Crawl Stone Soup version 0.30-a0-364-gf6b3ef1049 (webtiles) character file.

Game seed: 7684267783919321725

26256 sleeves the Fencer (level 12, -3/87 HPs)
             Began as a Demonspawn Monk on Nov 14, 2022.
             Was the Champion of Okawaru.
             Slain by a bog body (17 damage)
             ... on level 3 of the Lair of Beasts.
             The game lasted 00:20:34 (16793 turns).

sleeves the Fencer (Demonspawn Monk)               Turns: 16793, Time: 00:20:35

Health: -3/87      AC: 13    Str: 12    XL:     12   Next: 96%
Magic:  19/19      EV:  9    Int: 12    God:    Okawaru [******]
Gold:   886        SH: 12    Dex: 20    Spells: 11/11 levels left

rFire   + . .      SeeInvis .    m - +3 demon blade (drain) {god gift}
rCold   . . .      Faith    .    Y - +0 kite shield
rNeg    . . .      Spirit   .    J - +2 scale mail {Will+} {god gift}
rPois   +          Reflect  .    w - +0 helmet
rElec   .          Harm     .    N - +0 cloak
rCorr   .          Rampage  .    U - +0 pair of gloves
Will    +....                    (no boots)
Stlth   +.........               F - amulet of magic regeneration
HPRegen 0.34/turn                k - ring of protection from fire
MPRegen 0.56/turn                d - ring of poison resistance

@: slowed, very slow
A: rugged brown scales 2, spiny 3, demonic magic 2
a: Renounce Religion, Heroism, Finesse, Duel


You were on level 3 of the Lair of Beasts.
You worshipped Okawaru.
Okawaru was exalted by your worship.
You visited 2 branches of the dungeon, and saw 16 of its levels.

You collected 886 gold pieces.

Inventory:

Hand Weapons
 m - a +3 demon blade of draining (weapon) {god gift}
   (Okawaru gifted it to you on level 3 of the Lair of Beasts)
 x - the +9 falchion "Istaej Letimn" {antimagic, Drain rElec rCorr Stlth+}
   (You took it off a centaur warrior on level 12 of the Dungeon)

   It reduces the magical energy of the wielder, and disrupts the spells and
   magical abilities of those it strikes.
   Natural abilities and divine invocations are not affected.
   rElec:     It insulates you from electricity.
   rCorr:     It protects you from acid and corrosion.
   Drain:     It drains your maximum health when unequipped.
   Stlth:     It makes you more stealthy.
 O - a +0 long sword of flaming
   (You took it off an orc warrior on level 8 of the Dungeon)
 W - a +1 double sword of electrocution {god gift}
   (Okawaru gifted it to you on level 10 of the Dungeon)
Missiles
 n - 9 curare-tipped darts (quivered)
 L - 2 throwing nets
Armour
 p - a scarf of resistance
   (You found it on level 3 of the Dungeon)
 w - a +0 helmet (worn)
   (You took it off Robin on level 3 of the Dungeon)
 E - a +3 leather armour of fire resistance
   (You took it off Eustachio on level 5 of the Dungeon)
 J - a +2 scale mail of willpower (worn) {god gift}
   (Okawaru gifted it to you on level 2 of the Lair of Beasts)
 N - a +0 cloak (worn)
   (You took it off Crazy Yiuf on level 7 of the Dungeon)
 U - a +0 pair of gloves (worn)
   (You found it on level 10 of the Dungeon)
 Y - a +0 kite shield (worn)
   (You found it on level 10 of the Dungeon)
Jewellery
 d - a ring of poison resistance (right hand)
   (You found it on level 1 of the Dungeon)
 k - a ring of protection from fire (left hand)
   (You found it on level 2 of the Dungeon)
 u - a ring of flight
   (You found it on level 4 of the Dungeon)
 F - an amulet of magic regeneration (around neck)
   (You found it on level 6 of the Dungeon)
 T - a ring of protection from fire
   (You found it on level 10 of the Dungeon)
Wands
 a - a wand of paralysis (7)
   (You found it on level 3 of the Dungeon)
 C - a wand of polymorph (8)
   (You took it off Dowan on level 4 of the Dungeon)
 D - a wand of light (29)
   (You took it off Duvessa on level 4 of the Dungeon)
 R - a wand of iceblast (16)
   (You found it on level 8 of the Dungeon)
 V - a wand of mindburst (7)
   (You found it on level 10 of the Dungeon)
 X - a wand of digging (5)
   (You found it on level 1 of the Lair of Beasts)
Scrolls
 b - 3 scrolls of immolation
 e - 5 scrolls of fear
 g - 7 scrolls of teleportation
 h - a scroll of acquirement {unknown}
 o - 2 scrolls of amnesia
 r - a scroll of torment
 s - 2 scrolls of brand weapon {unknown}
 y - 4 scrolls of vulnerability
 B - 4 scrolls of poison
 H - a scroll of fog {unknown}
 I - 3 scrolls of magic mapping
 P - a scroll of noise {unknown}
 Q - a scroll of enchant armour
Potions
 c - 13 potions of ambrosia
 f - 7 potions of curing
 i - a potion of berserk rage {unknown}
 j - 2 potions of mutation {unknown}
 l - 3 potions of might {unknown}
 q - 8 potions of attraction
 t - 9 potions of heal wounds
 v - 3 potions of brilliance
 z - 4 potions of lignification
 A - 2 potions of flight {unknown}
 G - 3 potions of resistance {unknown}
 K - 4 potions of haste {unknown}
 M - 2 potions of invisibility {unknown}
 S - 3 potions of degeneration {unknown}
 Z - a potion of cancellation {unknown}


   Skills:
 + Level 3.7 Fighting
 - Level 16.0 Long Blades
 + Level 1.7 Armour
 + Level 3.3 Dodging
 - Level 1.7 Stealth
 - Level 10.0 Shields
 - Level 10.0 Invocations


You had 11 spell levels left.
You didn't know any spells.
Your spell library contained the following spells:

 Spells                   Type           Power      Damage    Failure   Level
 Magic Dart               Conj           0%         1d3       98%         1
 Shock                    Conj/Air       0%         1d3       98%         1
 Searing Ray              Conj           0%         2d4       99%         2
 Gell's Gravitas          Tloc           0%         N/A       100%        3
 Inner Flame              Hex/Fire       0%         N/A       100%        3
 Swiftness                Air            0%         N/A       100%        3
 Teleport Other           Tloc           0%         N/A       100%        3
 Airstrike                Air            0%         2d(0-16)  100%        4
 Flame Wave               Conj/Fire      0%         2d4       100%        4
 Fulminant Prism          Conj/Hex       0%         3d5       100%        4
 Sticky Flame             Conj/Fire      0%         2d3       100%        4
 Dispersal                Tloc           0%         N/A       100%        6


Dungeon Overview and Level Annotations

Branches:
Dungeon (13/15)            Temple (0/1) D:6            Lair (3/5) D:10
  Snake (0/4) Lair:2          Orc (0/2) D:11
  Swamp: Lair:2-3    Shoals: Lair:2-3    Vaults: D:13-14

Altars:
Ashenzari
Cheibriados
Fedhas
Gozag
Hepliaklqana
Nemelex Xobeh
Okawaru
Qazlal
Trog
Xom

Annotations:
D:5 Pikel
D:10 3 runed translucent doors, McGhostyFace's ghost, journeyman GnWn
D:13 1 runed translucent door, Jorgrun; LnG's ghost, journeyman KoSu


Innate Abilities, Weirdness & Mutations

You are mostly covered in rugged brown scales. (AC +2, +5% HP)
You are completely covered in sharp spines.
Spells you cast may paralyse nearby enemies.


Message History

You barely miss the killer bee. You block the killer bee's attack. x2
You barely miss the killer bee.
The killer bee stings you but does no damage.
The killer bee barely misses you.
You miss the killer bee.
The killer bee stings you but does no damage.
The killer bee stings you.
* * * LOW HITPOINT WARNING * * *
You barely miss the killer bee. You block the killer bee's attack.
The killer bee barely misses you.
You slice the killer bee!!
You kill the killer bee!
Okawaru accepts your kill. You block the killer bee's attack.
You miss the killer bee. You block the killer bee's attack.
You closely miss the killer bee. You block the killer bee's attack.
The killer bee is struck by your spines.
The killer bee stings you but does no damage.
You miss the killer bee.
The killer bee is severely wounded.
The killer bee closely misses you. You block the killer bee's attack.
You closely miss the killer bee.
The killer bee is severely wounded.
You block the killer bee's attack.
You miss the killer bee.
The killer bee is severely wounded.
You block the killer bee's attack. The killer bee barely misses you.
You closely miss the killer bee.
The killer bee is severely wounded.
The killer bee stings you but does no damage.
The killer bee is struck by your spines.
You kill the killer bee!
Okawaru accepts your kill.
You swing at nothing.
You swing at nothing.
You swing at nothing.
Key pressed, stopping explore. 4 killer bees come into view.
The killer bee buzzes angrily. x4
The killer bee moves out of view. x2
Things that are here:
a killer bee corpse; a killer bee corpse; a killer bee corpse
There are monsters nearby! 2 killer bees come into view.
The killer bee buzzes angrily. x2; You hear an angry buzzing noise.
A killer bee comes into view. x2
The killer bee stings you.
You closely miss the killer bee.
The killer bee buzzes angrily.
You hear an angry buzzing noise.
You block the killer bee's attack. x2
The killer bee is struck by your spines.
The killer bee stings you! The killer bee closely misses you.
You miss the killer bee.
The killer bee is lightly wounded.
You block the killer bee's attack. The killer bee misses you.
You block the killer bee's attack.
The killer bee is struck by your spines.
The killer bee stings you but does no damage.
You closely miss the killer bee.
The killer bee is severely wounded.
You block the killer bee's attack.
The killer bee is struck by your spines.
You kill the killer bee!
Okawaru accepts your kill.
You closely miss the killer bee.
The killer bee is severely wounded.
You block the killer bee's attack.
The killer bee stings you but does no damage.
You block the killer bee's attack. x2
A killer bee comes into view.
The killer bee is struck by your spines.
The killer bee barely misses you.
The killer bee is struck by your spines.
You kill the killer bee!
Okawaru accepts your kill.
The killer bee is struck by your spines.
The killer bee barely misses you.
You miss the killer bee.
The killer bee is heavily wounded.
The killer bee buzzes angrily.
You block the killer bee's attack. The killer bee stings you.
The killer bee stings you but does no damage.
A killer bee comes into view.
The killer bee barely misses you. You block the killer bee's attack. x2
The killer bee closely misses you.
You slice the killer bee!!
You kill the killer bee!
Okawaru accepts your kill. You block the killer bee's attack. x4
The killer bee stings you but does no damage.
The killer bee barely misses you. x2
You closely miss the killer bee.
The killer bee is moderately wounded.
The killer bee barely misses you. You block the killer bee's attack. x2
The killer bee is struck by your spines.
You kill the killer bee!
Okawaru accepts your kill.
You barely miss the killer bee.
The killer bee is moderately wounded.
You block the killer bee's attack.
The killer bee is struck by your spines.
You kill the killer bee!
Okawaru accepts your kill.
The killer bee stings you but does no damage.
The killer bee is struck by your spines.
The killer bee stings you but does no damage.
You block the killer bee's attack.
The killer bee attacks as you move away!
The killer bee stings you but does no damage.
The killer bee is struck by your spines.
The killer bee stings you but does no damage.
You block the killer bee's attack. x2
Things that are here:
a killer bee corpse; a killer bee corpse; a killer bee corpse The killer bee attacks as you move away!
The killer bee stings you but does no damage.
The killer bee is struck by your spines.
The killer bee stings you!
You barely miss the killer bee.
The killer bee is almost dead.
The killer bee is struck by your spines.
You kill the killer bee!
Okawaru accepts your kill. You block the killer bee's attack.
You slash the killer bee!
You kill the killer bee!
Okawaru accepts your kill.
You miss the killer bee.
The killer bee is heavily wounded.
You block the killer bee's attack. x2
You slice the killer bee!!
You kill the killer bee!
Okawaru accepts your kill. You block the killer bee's attack.
You hit the killer bee.
The killer bee is lightly wounded.
You block the killer bee's attack. The killer bee stings you.
You slash the killer bee!
The killer bee is severely wounded.
You block the killer bee's attack.
The killer bee is struck by your spines.
You kill the killer bee!
Okawaru accepts your kill.
You slice the killer bee!!
You kill the killer bee!
Okawaru accepts your kill.
No target in view!
No target in view!
No target in view!
No target in view!
No target in view!
No target in view!
No target in view!
No target in view!
No target in view!
No target in view!
No target in view!
No target in view!
No target in view!
Items here: ††††††.
You now have 840 gold pieces (gained 21).
Things that are here:
a killer bee corpse; a killer bee corpse; a killer bee corpse You see here a killer bee corpse.
Found a yak corpse.
Found a yak corpse.
Found a yak corpse.
Found a yak corpse.
No target in view!
c - 8 potions of ambrosia (gained 1)
c - 9 potions of ambrosia (gained 1)
c - 10 potions of ambrosia (gained 1)
c - 12 potions of ambrosia (gained 2)
c - 13 potions of ambrosia (gained 1)
You see here a yak corpse.
A komodo dragon comes into view.
A komodo dragon is nearby!
A komodo dragon is nearby!
A komodo dragon is nearby!
The komodo dragon hisses angrily.
The komodo dragon bites you.
You hit the komodo dragon but do no damage.
The komodo dragon hisses menacingly.
The komodo dragon bites you but does no damage.
You barely miss the komodo dragon.
The komodo dragon is struck by your spines.
The komodo dragon barely misses you.
You hit the komodo dragon.
The komodo dragon is lightly wounded.
The komodo dragon is struck by your spines.
The komodo dragon bites you!
You slash the komodo dragon!
The komodo dragon is moderately wounded.
You block the komodo dragon's attack.
You hit the komodo dragon but do no damage.
The komodo dragon is moderately wounded.
You block the komodo dragon's attack.
You closely miss the komodo dragon.
The komodo dragon is moderately wounded.
You slice the komodo dragon!!
Lightning courses through the komodo dragon!!
You kill the komodo dragon!
Okawaru accepts your kill.
Training target 10.0 for Shields reached!
Your Long Blades skill increases to level 15!
Your Shields skill increases to level 10!
No target in view!
q - 8 potions of attraction (gained 1)
A yak comes into view.
The yak bellows!
You hear a bellow!
A yak comes into view. x2
The yak bellows!
There are monsters nearby!
There are monsters nearby!
A yak comes into view.
The yak bellows! x2; You hear a bellow!
Found 4 poisoned darts.
The yak bellows!
You hit the yak.
The yak is lightly wounded.
The yak is struck by your spines. The yak barely misses you.
You slice the yak!!
You kill the yak!
Okawaru accepts your kill.
You slash the yak!
The yak is moderately wounded.
You barely miss the yak.
The yak is moderately wounded.
You block the yak's attack. The yak is struck by your spines.
The yak closely misses you. The yak is struck by your spines.
The yak gores you but does no damage.
You hit the yak.
The yak is heavily wounded.
You block the yak's attack. The yak closely misses you.
The yak is struck by your spines. The yak gores you!
You block the yak's attack.
You closely miss the yak.
The yak is heavily wounded.
The yak is struck by your spines. The yak gores you!
The yak is struck by your spines. The yak gores you.
The yak is struck by your spines. The yak gores you.
The yak is struck by your spines. The yak gores you but does no damage.
You are too injured to fight recklessly!
You are too injured to fight recklessly!
You are too injured to fight recklessly!
You are too injured to fight recklessly!
You are too injured to fight recklessly!
You are too injured to fight recklessly!
You are too injured to fight recklessly!
You are too injured to fight recklessly!
You are too injured to fight recklessly!
You are too injured to fight recklessly!
You are too injured to fight recklessly!
You are too injured to fight recklessly!
You are too injured to fight recklessly!
You are too injured to fight recklessly!
You are too injured to fight recklessly!
You are too injured to fight recklessly!
You are too injured to fight recklessly!
You are too injured to fight recklessly!
The yak attacks as you move away! The yak is struck by your spines.
The yak gores you but does no damage. The yak attacks as you move away!
You block the yak's attack.
You are too injured to fight recklessly!
You are too injured to fight recklessly!
You are too injured to fight recklessly!
You are too injured to fight recklessly!
You slash the yak!
The yak is heavily wounded.
You block the yak's attack.
You barely miss the yak.
The yak is heavily wounded.
The yak gores you but does no damage.
You completely miss the yak.
The yak is heavily wounded.
You block the yak's attack.
You hit the yak but do no damage. Lightning courses through the yak!
The yak is severely wounded.
The yak gores you!
* * * LOW HITPOINT WARNING * * *
You hit the yak.
The yak is almost dead.
You slice the yak!!
You kill the yak!
Okawaru accepts your kill.
You slash the yak! Lightning courses through the yak!
You kill the yak!
Okawaru accepts your kill.
You slash the yak!
The yak is severely wounded.
You block the yak's attack.
You slice the yak!! Lightning courses through the yak!
You kill the yak!
Okawaru accepts your kill.
You slice the yak!!
The yak is heavily wounded.
The yak gores you!
* * * LOW HITPOINT WARNING * * *
You barely miss the yak.
The yak is heavily wounded.
The yak gores you.
* * * LOW HITPOINT WARNING * * *
You slash the yak!
The yak is almost dead.
You block the yak's attack.
You slash the yak!
You kill the yak!
Okawaru accepts your kill.
You swing at nothing.
You hit the yak.
The yak is almost dead.
You block the yak's attack.
You hit the yak.
You kill the yak!
Okawaru accepts your kill.
You swing at nothing.
You swing at nothing.
You swing at nothing.
You swing at nothing.
You swing at nothing.
You swing at nothing.
You swing at nothing.
You swing at nothing.
You swing at nothing.
Items here: †††††.
Found a flail.
I - 3 scrolls of magic mapping (gained 1)
You enter the shallow water.
Moving in this stuff is going to be slow.
Key pressed, stopping explore.
You now have 847 gold pieces (gained 7).
You see here a +0 trident.
Done exploring.
Done exploring.
Done exploring.
Done exploring.
Done exploring.
(D) Dungeon (T) Temple (L) Lair (P) Snake Pit (O) Orcish Mines
Where to? (Enter - Lair:2, ? - help)
There is a stone staircase leading down here.
You climb downwards.
The bullfrog croaks.
Found 2 stones.
There is a stone staircase leading up here.
A bullfrog is nearby!
A bullfrog is nearby!
A bullfrog is nearby!
The bullfrog barely misses you.
You slice the bullfrog!!
Lightning courses through the bullfrog!!
You kill the bullfrog!
Okawaru accepts your kill.
No target in view!
No target in view!
No target in view!
No target in view!
No target in view!
You see here a bullfrog corpse.
A black mamba comes into view.
A black mamba is nearby!
A black mamba is nearby!
The black mamba bites you but does no damage. x2
You miss the black mamba.
The black mamba is struck by your spines.
The black mamba bites you! You block the black mamba's attack.
You slash the black mamba!
The black mamba is moderately wounded.
The black mamba bites you but does no damage.
You hit the black mamba.
Lightning courses through the black mamba!
The black mamba is severely wounded.
The black mamba is struck by your spines.
You kill the black mamba!
Okawaru accepts your kill.
No target in view!
No target in view!
No target in view!
No target in view!
No target in view!
A komodo dragon comes into view.
A komodo dragon is nearby!
A komodo dragon is nearby!
A komodo dragon is nearby!
The komodo dragon hisses angrily.
You hit the komodo dragon.
The komodo dragon is lightly wounded.
You block the komodo dragon's attack.
You hit the komodo dragon.
Lightning courses through the komodo dragon!!
The komodo dragon is severely wounded.
The komodo dragon bites you!!
You slash the komodo dragon!
The komodo dragon is almost dead.
The komodo dragon bites you but does no damage.
You slash the komodo dragon!
You kill the komodo dragon!
Okawaru accepts your kill.
No target in view!
No target in view!
No target in view!
No target in view!
No target in view!
No target in view!
No target in view!
HP restored.
l - 3 glowing pink potions (gained 1)
You see here a komodo dragon corpse.
A rime drake comes into view.
The rime drake hisses angrily.
You hear a shout!
A rime drake is nearby!
A rime drake is nearby!
A rime drake is nearby!
Sonja, the Graceful Assassin comes into view.
She is wielding a +0 dagger of venom, quivering curare-tipped darts and carrying a wand of light (4).
Sonja shouts!
The rime drake breathes ice at you. The icy flash freeze misses you.
Sonja mumbles some strange words.
Sonja blinks!
The rime drake breathes ice at you. The icy flash freeze hits you!!
You are encased in ice.
You start resting.
The ice encasing you melts away.
A rime drake is nearby!
You slice the rime drake!!
Lightning courses through the rime drake!
You kill the rime drake!
Okawaru accepts your kill.
No target in view!
Sonja zaps a wand.
The bolt of light hits you.
You are confused.
The bolt of light hits the plant!
The plant begins to die.
The plant is blinded.
You see here a rime drake corpse.
You are too confused!
Unknown command.
You are too confused!
You feel less confused.
Okay, then.
Aiming: Polymorph
Press: ? - help, Shift-Dir - straight line, f - Sonja
Aim: Sonja, wielding a +0 dagger of venom, quivering curare-tipped darts and carrying a wand of light (3) (will become a cane toad, an acid dragon, or a blink frog, chance to affect: 57%) Sonja evaporates and reforms as a cane toad!
A nearby plant withers and dies.
You barely miss Sonja. You block Sonja's attack.
You hit Sonja. Lightning courses through Sonja!
Sonja is moderately wounded.
You block Sonja's attack.
You slice Sonja!!
You kill Sonja!
Okawaru accepts your kill.
Sonja returns to her original shape as she dies.
No target in view!
No target in view!
You see here the kobold corpse of Sonja.
n - 9 curare-tipped darts (gained 5)
D - a wand of light (29) (gained 3 charges)
You see here a +0 dagger of venom.
HP restored.
You see here a rime drake corpse.
b - 3 scrolls of immolation (gained 1)
A wolf comes into view.
A wolf is nearby!
A wolf is nearby!
A wolf is nearby!
You open the door.
The wolf howls!
You hear a howl!
A wolf comes into view. 2 wolves come into view.
The wolf howls! x3
There is an open door here.
You slash the wolf!
The wolf is severely wounded.
The wolf is struck by your spines.
You kill the wolf!
Okawaru accepts your kill.
A cane toad comes into view.
The cane toad gives a loud, deep croak!
The wolf bites you but does no damage. The wolf is struck by your spines.
The wolf closely misses you.
An eight-headed hydra comes into view.
You barely miss the wolf.
The wolf is lightly wounded.
The eight-headed hydra roars!
You block the wolf's attack. x2; The wolf closely misses you.
The wolf bites you but does no damage.
You slash the wolf!
The wolf is heavily wounded.
The wolf is struck by your spines. The wolf closely misses you.
You block the wolf's attack. The wolf is struck by your spines.
The wolf bites you but does no damage.
You hit the wolf but do no damage.
The wolf is severely wounded.
The wolf closely misses you. The wolf is struck by your spines.
The wolf bites you! You block the wolf's attack. The wolf bites you.
You block the wolf's attack.
You barely miss the wolf.
The wolf is severely wounded.
You block the wolf's attack. The wolf bites you but does no damage.
You block the wolf's attack. The wolf bites you!
You slash the wolf!
You kill the wolf!
Okawaru accepts your kill.
You block the wolf's attack. x2; The cane toad is struck by your spines.
The cane toad stings you!!
You are too injured to fight recklessly!
You are too injured to fight recklessly!
You are too injured to fight recklessly!
You are too injured to fight recklessly!
You are too injured to fight recklessly!
The cane toad attacks as you move away! You block the cane toad's attack.
The wolf attacks as you move away! You block the wolf's attack.
The wolf barely misses you. The wolf is struck by your spines.
The wolf bites you but does no damage.
There is an open door here.
The wolf attacks as you move away! The wolf is struck by your spines.
You kill the wolf!
Okawaru accepts your kill. The wolf closely misses you.
You gain the combat prowess of a mighty hero.
You block the wolf's attack. The wolf bites you but does no damage.
You hit the wolf.
The wolf is severely wounded.
You block the wolf's attack.
Your +1 double sword of electrocution {god gift} stops crackling.
Your +0 long sword of flaming bursts into flame!
O - a +0 long sword of flaming (weapon)
You lop one of the eight-headed hydra's heads off!
The flame cauterises the wound!
You slash the seven-headed hydra! You burn the seven-headed hydra.
The seven-headed hydra is lightly wounded.
The seven-headed hydra is struck by your spines.
The seven-headed hydra bites you but does no damage.
You block the seven-headed hydra's attack.
The seven-headed hydra bites you.
The seven-headed hydra barely misses you.
The seven-headed hydra closely misses you.
The seven-headed hydra bites you but does no damage.
The seven-headed hydra bites you!
* * * LOW HITPOINT WARNING * * *
You barely miss the seven-headed hydra.
The seven-headed hydra is lightly wounded.
You lop one of the seven-headed hydra's heads off!
The flame cauterises the wound!
You hit the six-headed hydra. You burn the six-headed hydra.
The six-headed hydra is moderately wounded.
The six-headed hydra is struck by your spines.
The six-headed hydra bites you but does no damage. x3
The six-headed hydra barely misses you.
You block the six-headed hydra's attack.
The six-headed hydra completely misses you.
You slice one of the six-headed hydra's heads off!
The flame cauterises the wound!
You slash the five-headed hydra! You burn the five-headed hydra.
The five-headed hydra is severely wounded.
You block the five-headed hydra's attack.
The five-headed hydra bites you but does no damage.
You block the five-headed hydra's attack. x2
The five-headed hydra misses you.
You chop one of the five-headed hydra's heads off!
The flame cauterises the wound!
You hit the four-headed hydra. You burn the four-headed hydra.
The four-headed hydra is severely wounded.
You block the four-headed hydra's attack.
The four-headed hydra bites you.
* * * LOW HITPOINT WARNING * * *
You block the four-headed hydra's attack.
The four-headed hydra bites you.
* * * LOW HITPOINT WARNING * * *
You slice one of the four-headed hydra's heads off!
The flame cauterises the wound!
You hit the three-headed hydra. You burn the three-headed hydra.
The three-headed hydra is severely wounded.
The three-headed hydra is struck by your spines.
The three-headed hydra bites you but does no damage.
The three-headed hydra bites you.
* * * LOW HITPOINT WARNING * * *
The three-headed hydra bites you!
* * * LOW HITPOINT WARNING * * *
You hack one of the three-headed hydra's heads off!
The flame cauterises the wound!
You slash the two-headed hydra! You burn the two-headed hydra.
You kill the two-headed hydra!
Okawaru accepts your kill. You block the wolf's attack.
Your +0 long sword of flaming stops flaming.
You hear the crackle of electricity.
W - a +1 double sword of electrocution (weapon)
{god gift} The wolf is struck by your spines.
You kill the wolf!
Okawaru accepts your kill. You block the cane toad's attack.
You slash the cane toad!
The cane toad is moderately wounded.
The cane toad closely misses you.
You slash the cane toad!
The cane toad is severely wounded.
You block the cane toad's attack.
You slash the cane toad!
You kill the cane toad!
Okawaru accepts your kill.
You start resting.
You feel like a meek peon again.
You start resting.
HP restored.
Found a stone staircase leading down. 3 yaks come into view.
The yak bellows! x3; You hear an angry hiss.
You hear a roar!
The yak moves out of view.
There are monsters nearby!
A wyvern and a yak come into view.
The wyvern hisses angrily.
The yak bellows!
You block the yak's attack.
You hit the yak.
The yak is lightly wounded.
A six-headed hydra comes into view.
The yak barely misses you.
You hit the yak.
The yak is lightly wounded.
You hit the yak. Lightning courses through the yak!
The yak is moderately wounded.
You barely miss the yak.
The yak is moderately wounded.
The wyvern is struck by your spines. The wyvern barely misses you.
You block the yak's attack. x2
The yak attacks as you move away! The yak is struck by your spines.
The yak closely misses you. The wyvern is struck by your spines.
You kill the wyvern!
Okawaru accepts your kill. The yak attacks as you move away!
You block the yak's attack. The yak attacks as you move away!
You block the yak's attack. The yak attacks as you move away!
You block the yak's attack.
You see here the kobold skeleton of Sonja.
You slash the yak!
The yak is severely wounded.
You barely miss the yak.
The yak is severely wounded.
You block the yak's attack.
You slash the yak!
The yak is almost dead.
The yak is struck by your spines.
You kill the yak!
Okawaru accepts your kill.
You slash the yak!
The yak is severely wounded.
The yak gores you but does no damage.
You hit the yak.
The yak is almost dead.
The yak closely misses you.
You hit the yak.
The yak is almost dead.
You block the yak's attack.
Your +1 double sword of electrocution {god gift} stops crackling.
Your +0 long sword of flaming bursts into flame!
O - a +0 long sword of flaming (weapon)
You hit the yak. You burn the yak.
You kill the yak!
Okawaru accepts your kill. Okawaru grants you a weapon!
Something appears at your feet!
You see here a +3 demon blade of draining {god gift}.
You slice the yak!! You burn the yak.
The yak is heavily wounded.
The yak is struck by your spines. The yak gores you!
You slash the yak! You burn the yak.
You kill the yak!
Okawaru accepts your kill.
Training target 16.0 for Long Blades reached!
Your Long Blades skill increases to level 16!
You need to enable at least one skill for training.
You slice one of the six-headed hydra's heads off!
The flame cauterises the wound!
You hit the five-headed hydra. You burn the five-headed hydra.
The five-headed hydra is lightly wounded.
You hit the five-headed hydra. You burn the five-headed hydra.
The five-headed hydra is lightly wounded.
The five-headed hydra is struck by your spines.
The five-headed hydra bites you! The five-headed hydra bites you.
You block the five-headed hydra's attack. x3
You hit the five-headed hydra. You burn the five-headed hydra.
The five-headed hydra is moderately wounded.
The five-headed hydra is struck by your spines.
The five-headed hydra bites you! The five-headed hydra bites you.
The five-headed hydra bites you but does no damage.
The five-headed hydra completely misses you.
You block the five-headed hydra's attack.
You are too injured to fight recklessly!
You are too injured to fight recklessly!
You are too injured to fight recklessly!
You are too injured to fight recklessly!
You are too injured to fight recklessly!
You are too injured to fight recklessly!
You are too injured to fight recklessly!
You are too injured to fight recklessly!
You are too injured to fight recklessly!
You are too injured to fight recklessly!
You are too injured to fight recklessly!
You are too injured to fight recklessly!
You are too injured to fight recklessly!
You are too injured to fight recklessly!
You slice one of the five-headed hydra's heads off!
The flame cauterises the wound!
You hit the four-headed hydra. You burn the four-headed hydra.
The four-headed hydra is heavily wounded.
You block the four-headed hydra's attack.
The four-headed hydra barely misses you.
The four-headed hydra bites you but does no damage.
The four-headed hydra bites you!
You chop one of the four-headed hydra's heads off!
The flame cauterises the wound!
You hit the three-headed hydra. You burn the three-headed hydra.
The three-headed hydra is heavily wounded.
The three-headed hydra is struck by your spines.
The three-headed hydra bites you but does no damage. x2
The three-headed hydra closely misses you.
You hit the three-headed hydra. You burn the three-headed hydra.
The three-headed hydra is heavily wounded.
You hack one of the three-headed hydra's heads off!
The flame cauterises the wound!
You slash the two-headed hydra! You burn the two-headed hydra.
The two-headed hydra is severely wounded.
The two-headed hydra bites you but does no damage. x2
You slice one of the two-headed hydra's heads off!
The flame cauterises the wound!
You slash the one-headed hydra! You burn the one-headed hydra.
The one-headed hydra is almost dead.
You block the one-headed hydra's attack.
You hack the one-headed hydra's last head off!
You kill the one-headed hydra!
Okawaru accepts your kill.
You slash the yak! You burn the yak.
The yak is moderately wounded.
You block the yak's attack.
Your +0 long sword of flaming stops flaming.
You hear the crackle of electricity.
W - a +1 double sword of electrocution (weapon)
{god gift} You barely miss the yak.
The yak is moderately wounded.
The yak is struck by your spines. The yak barely misses you.
You slash the yak!
You kill the yak!
Okawaru accepts your kill.
Your Armour skill increases to level 1!
Your Dodging skill increases to level 3!
You see here a hydra corpse.
You see here a +0 dagger of venom.
You see here a hydra corpse.
You see here a +3 demon blade of draining {god gift}.
m - a +3 demon blade of draining {god gift}
Found a chain mail.
Found a stone staircase leading up.
You open the door.
There is an open door here.
t - 9 potions of heal wounds (gained 2)
You open the door.
There is an open door here.
You now have 864 gold pieces (gained 17).
s - 2 scrolls labelled FUNNEH DEEMIP (gained 1)
A swamp worm comes into view.
Your +1 double sword of electrocution {god gift} stops crackling.
You sense an unholy aura.
m - a +3 demon blade of draining (weapon)
{god gift} A swamp worm is nearby!
A swamp worm is nearby!
A swamp worm is nearby!
The swamp worm fires a harpoon shot at you.
The harpoon shot hits you!
You are yanked forward by the harpoon shot.
You slash the swamp worm! You drain the swamp worm.
The swamp worm is heavily wounded.
The swamp worm bites you but does no damage.
You slice the swamp worm!!
The swamp worm is almost dead.
You slice the swamp worm!!
You kill the swamp worm!
Okawaru accepts your kill.
No target in view!
You see here a swamp worm corpse.
A bog body comes into view.
A bog body is nearby!
A bog body is nearby!
No reachable target in view!
You see here a swamp worm corpse.
You start waiting.
A bog body is nearby!
You barely miss the bog body. The bog body casts a spell at you.
You feel yourself slow down.
You barely miss the bog body. The bog body casts a spell at you.
The bolt of cold hits you!!
You slice the bog body!!
The bog body is heavily damaged.
The bog body is struck by your spines. The bog body barely misses you.
You hit the bog body.
The bog body is severely damaged.
The bog body casts a spell at you. The bolt of cold hits you!
You are too injured to fight recklessly!
You are too injured to fight recklessly!
You are too injured to fight recklessly!
You are too injured to fight recklessly!
You are too injured to fight recklessly!
You are too injured to fight recklessly!
You slash the bog body!
You destroy the bog body!
Okawaru is honoured by your kill.
There is a fountain of clear blue water here.
You feel yourself speed up.
HP restored.
There is a fountain of clear blue water here.
Found a stone staircase leading down.
You open the door.
Found 5 stones.
There is an open door here.
Found a stone staircase leading down.
You enter the shallow water.
Moving in this stuff is going to be slow.
t - 10 potions of heal wounds (gained 1)
A bullfrog comes into view.
A bullfrog is nearby!
A bullfrog is nearby!
A bullfrog is nearby!
You slash the bullfrog!
The bullfrog is heavily wounded.
You block the bullfrog's attack.
You slice the bullfrog!!
You kill the bullfrog!
Okawaru accepts your kill.
No target in view!
No target in view!
No target in view!
No target in view!
You see here a staff of death.
Found a stone staircase leading up.
Your pack is full.
You see here a scroll labelled UMYN PORGHA.
You can't carry that many items.
You drop a +1 leather armour of poison resistance.
Okay, then.
P - a scroll labelled UMYN PORGHA
There is a stone staircase leading up here.
You enter the shallow water.
Moving in this stuff is going to be slow.
There is a stone staircase leading up here.
Found a leather armour.
A water moccasin comes into view.
The water moccasin hisses angrily.
You hit the water moccasin.
The water moccasin is lightly wounded.
You block the water moccasin's attack.
You slash the water moccasin!
The water moccasin is heavily wounded.
The water moccasin is struck by your spines.
You kill the water moccasin!
Okawaru accepts your kill.
No target in view!
No target in view!
No target in view!
No target in view!
No target in view!
No target in view!
No target in view!
No target in view!
A polar bear comes into view.
Found a glowing ruby potion.
The polar bear growls angrily.
You hear a croak.
A polar bear is nearby!
A polar bear is nearby!
A polar bear is nearby!
A cane toad comes into view.
The cane toad croaks.
The polar bear bites you!
The polar bear claws you but does no damage.
You block the polar bear's attack.
You closely miss the polar bear.
The polar bear is struck by your spines.
The polar bear bites you! You block the polar bear's attack. x2
You hit the polar bear but do no damage.
You drain the polar bear.
The polar bear is lightly wounded.
You block the polar bear's attack. The polar bear barely misses you.
The polar bear claws you but does no damage.
You hit the polar bear but do no damage.
The polar bear is lightly wounded.
You hit the polar bear but do no damage.
You drain the polar bear.
The polar bear is lightly wounded.
The polar bear is struck by your spines.
The polar bear barely misses you. The polar bear closely misses you.
The polar bear barely misses you.
You hit the polar bear but do no damage.
You drain the polar bear.
The polar bear is heavily wounded.
You block the cane toad's attack.
The polar bear is struck by your spines.
The polar bear bites you but does no damage.
The polar bear claws you but does no damage. x2
You hit the polar bear but do no damage.
You drain the polar bear.
The polar bear is almost dead.
You block the cane toad's attack. You block the polar bear's attack.
The polar bear barely misses you. The polar bear misses you.
You hit the polar bear but do no damage.
The polar bear is almost dead.
The cane toad is struck by your spines. The cane toad barely misses you.
You slash the polar bear!
You kill the polar bear!
Okawaru accepts your kill. The cane toad is struck by your spines.
The cane toad stings you but does no damage.
You barely miss the cane toad.
The cane toad is moderately wounded.
The cane toad stings you!
You are too injured to fight recklessly!
You are too injured to fight recklessly!
You are too injured to fight recklessly!
You are too injured to fight recklessly!
You are too injured to fight recklessly!
You are too injured to fight recklessly!
You slash the cane toad!
The cane toad is heavily wounded.
You barely miss the cane toad.
The cane toad is heavily wounded.
You block the cane toad's attack.
You completely miss the cane toad.
The cane toad is heavily wounded.
The cane toad stings you!
You closely miss the cane toad.
The cane toad is heavily wounded.
The cane toad is struck by your spines. The cane toad closely misses you.
You hit the cane toad but do no damage. You drain the cane toad.
The cane toad is almost dead.
The cane toad stings you but does no damage.
You slash the cane toad!
You kill the cane toad!
Okawaru accepts your kill.
Key pressed, stopping explore.
K - 4 glowing ruby potions (gained 1)
Found a flail.
You open the door.
There is an open door here.
You open the door.
There is an open door here.
You now have 886 gold pieces (gained 22).
Key pressed, stopping explore.
You enter the shallow water.
Moving in this stuff is going to be slow.
You see here a polar bear skeleton.
There is a stone staircase leading up here.
You open the door.
There is an open door here.
There is an open door here.
Key pressed, stopping explore.
No target in view!
No target in view!
There is a fountain of clear blue water here.
A bog body comes into view.
A bog body is nearby!
A bog body is nearby!
A bog body is nearby!
The bog body casts a spell at you.
You feel yourself slow down.
An electric eel comes into view.
A bog body comes into view.
The bog body moves out of view.
The bog body gestures at you while chanting.
The bolt of cold hits you!!!
You are too injured to fight recklessly!
You are too injured to fight recklessly!
You are too injured to fight recklessly!
You are too injured to fight recklessly!
The bog body touches you but does no damage.
You hit the bog body but do no damage. You block the bog body's attack.
You feel much better. The bog body casts a spell at you.
The bolt of cold hits you.
You hit the bog body.
The bog body is lightly damaged.
The bog body is struck by your spines. The bog body touches you!
The bog body freezes you!!
* * * LOW HITPOINT WARNING * * *
The electric eel shoots out a bolt of lightning at you!
The bolt of electricity hits you.
* * * LOW HITPOINT WARNING * * *
The bog body is struck by your spines. The bog body closely misses you.
The bog body is struck by your spines.
The bog body touches you but does no damage.
The electric eel shoots out a bolt of lightning at you!
The bolt of electricity hits you!
* * * LOW HITPOINT WARNING * * *
You block the bog body's attack.
As you read the scroll of fear, it crumbles to dust.
You assume a fearsome visage.
The bog body is unaffected. x2
The electric eel looks frightened!
The bog body touches you but does no damage.
The bog body is struck by your spines. The bog body touches you!
* * * LOW HITPOINT WARNING * * *
The bog body freezes you!
You die...

#................................
#P...............................
##...............................
#...............................
#..##.###.##...♣.#♣....#........
#..##.#.#......♣♣♣♣♣♣♣♣##.....##
#.####....♣♣♣♣♣♣♣ ♣♣♣♣♣ ♣♣♣...#
#.##....♣♣♣~~~~~♣~S≈~~~ ♣♣..##
#......⌠...♣..n@.....♣ ♣...#
#.#....⌠.....♣.♣n♣....§ ♣...#
#.#.....♣♣♣~≈~≈~≈~~~≈♣≈ ♣♣....
#.##.#....♣♣♣♣♣♣♣♣♣♣♣♣ ♣♣♣....#
#.#.#.#........♣♣♣♣♣♣♣♣♣♣.....#.
#..............#♣.#.#..♣......#.
#...............................
##########...#.#####.##.##.##..#
###..## ####.######.#


You could see 2 bog bodies and an electric eel (fleeing).

Vanquished Creatures
  3 hydras
  A centaur warrior (D:12)
  2 two-headed ogres
  A boulder beetle (D:11)
  A bog body (Lair:3)
  An ugly thing (D:12)
  An oklob plant (D:10)
  A manticore (D:13)
  3 black mambas
  7 cane toads
  A gargoyle (D:12)
  A rime drake (Lair:3)
  2 unseen horrors (D:12)
  2 komodo dragons
  2 trolls
  A queen bee (Lair:2)
  A polar bear (Lair:3)
  A slime creature (D:13)
  A water elemental (D:13)
  Eustachio (D:5)
  A vampire (D:10)
  4 wraiths
  4 wyverns
  24 yaks
  A basilisk (Lair:2)
  3 steam dragons
  A swamp worm (Lair:3)
  3 acid dragons
  Duvessa (D:4)
  13 water moccasins
  10 orc warriors
  A black bear (D:6)
  A sky beast (D:7)
  An ice beast (D:5)
  A tengu (shapeshifter) (D:13)
  An ogre (D:5)
  18 wolves
  2 centaurs
  4 lemures
  10 bullfrogs
  5 kobold brigands
  A necrophage (D:6)
  3 scorpions
  8 wights
  Dowan (D:4)
  23 killer bees (Lair:2)
  13 electric eels
  A howler monkey (D:9)
  5 jellies
  3 hounds
  8 orc priests
  Crazy Yiuf (D:7)
  A gnoll bouda (D:7)
  2 iguanas
  15 orc wizards
  Robin (D:3)
  5 adders
  3 gnolls (D:7)
  2 white imps
  2 worms
  A dart slug (D:2)
  47 orcs
  7 ball pythons
  10 endoplasms
  5 giant cockroaches
  13 goblins
  7 hobgoblins
  2 jackals (D:4)
  29 kobolds
  A quokka (D:1)
  5 bats
  3 rats (D:1)
371 creatures vanquished.

Vanquished Creatures (others)
  13 fungi
  31 plants
44 creatures vanquished.

Grand Total: 415 creatures vanquished

Notes
Turn   | Place    | Note
-------+----------+-------------------------------------------
     0 | D:1      | sleeves the Demonspawn Monk began the quest for the Orb.
     0 | D:1      | Reached XP level 1. HP: 18/18 MP: 1/1
    74 | D:1      | Reached skill level 3 in Long Blades
   190 | D:1      | Gained mutation: You are partially covered in sharp spines.
                  | [demonic ancestry]
   190 | D:1      | Reached XP level 2. HP: 24/24 MP: 2/2
   411 | D:1      | Reached XP level 3. HP: 29/29 MP: 3/3
   729 | D:2      | Reached skill level 4 in Long Blades
  1292 | D:3      | Found a blossoming altar of Fedhas.
  1352 | D:3      | Identified the +2 spear of Pebbo {elec, rF+}
  1536 | D:3      | Found a snail-covered altar of Cheibriados.
  1771 | D:3      | Noticed Robin
  1777 | D:3      | Gained mutation: You are mostly covered in sharp spines.
                  | [demonic ancestry]
  1777 | D:3      | Reached XP level 4. HP: 31/35 MP: 4/4
  1785 | D:3      | HP: 16/35 [Robin/+5 falchion of protection (10)]
  1787 | D:3      | Killed Robin
  2017 | D:3      | Found a faded altar of an unknown god.
  2358 | D:4      | Noticed a water moccasin
  2367 | D:4      | Killed a water moccasin
  2368 | D:4      | Reached skill level 5 in Long Blades
  2368 | D:4      | Reached XP level 5. HP: 26/41 MP: 5/5
  2621 | D:4      | Noticed Dowan
  2622 | D:4      | Noticed Duvessa
  2803 | D:4      | Reached skill level 6 in Long Blades
  2839 | D:4      | Found a shimmering altar of Xom.
  2867 | D:4      | Killed Duvessa
  2868 | D:4      | Gained mutation: You are partially covered in rugged brown
                  | scales. (AC +1, +3% HP) [demonic ancestry]
  2868 | D:4      | Reached XP level 6. HP: 23/48 MP: 6/6
  2874 | D:4      | Killed Dowan
  3246 | D:5      | Entered Level 5 of the Dungeon
  3260 | D:5      | Reached skill level 7 in Long Blades
  3342 | D:5      | Gained mutation: You are mostly covered in rugged brown
                  | scales. (AC +2, +5% HP) [demonic ancestry]
  3342 | D:5      | Reached XP level 7. HP: 44/54 MP: 7/7
  3483 | D:5      | Reached skill level 8 in Long Blades
  3642 | D:5      | Noticed Pikel
  3947 | D:5      | Found an iron altar of Okawaru.
  3964 | D:5      | Became a worshipper of Warmaster Okawaru
  3964 | D:5      | Reached * piety under Okawaru
  3964 | D:5      | Reached ** piety under Okawaru
  3965 | D:5      | Noticed Eustachio
  3988 | D:5      | Killed Eustachio
  3989 | D:5      | Reached skill level 9 in Long Blades
  3989 | D:5      | Gained mutation: You are completely covered in sharp
                  | spines. [demonic ancestry]
  3989 | D:5      | Reached XP level 8. HP: 60/60 MP: 8/8
  4586 | D:6      | Found a bloodstained altar of Trog.
  4618 | D:6      | Reached skill level 10 in Long Blades
  4692 | D:6      | Reached *** piety under Okawaru
  4901 | D:6      | Found a broken altar of Ashenzari.
  4922 | D:6      | Found a staircase to the Ecumenical Temple.
  5218 | D:6      | Found a sparkling altar of Nemelex Xobeh.
  5302 | D:6      | Reached skill level 11 in Long Blades
  5461 | D:7      | Reached **** piety under Okawaru
  5462 | D:7      | Gained mutation: Spells you cast may paralyse adjacent
                  | enemies. [demonic ancestry]
  5462 | D:7      | Reached XP level 9. HP: 58/66 MP: 9/9
  5525 | D:7      | Reached skill level 1 in Invocations
  5531 | D:7      | Reached skill level 1 in Shields
  5554 | D:7      | Reached skill level 2 in Invocations
  5752 | D:7      | Reached skill level 2 in Shields
  5754 | D:7      | Reached skill level 3 in Invocations
  5955 | D:7      | Found a faded altar of an unknown god.
  5955 | D:7      | Found a faded altar of an unknown god.
  5957 | D:7      | Found a hazy altar of Hepliaklqana.
  6064 | D:7      | Found a runed translucent door.
  6065 | D:7      | Noticed Crazy Yiuf
  6479 | D:7      | Killed Crazy Yiuf
  6563 | D:8      | Reached skill level 4 in Invocations
  6620 | D:8      | Reached skill level 3 in Shields
  6681 | D:8      | Reached ***** piety under Okawaru
  6682 | D:8      | Reached skill level 12 in Long Blades
  6682 | D:8      | Reached skill level 5 in Invocations
  6704 | D:8      | Gained mutation: Spells you cast may paralyse nearby
                  | enemies. [demonic ancestry]
  6704 | D:8      | Reached XP level 10. HP: 48/73 MP: 14/14
  6708 | D:8      | Reached skill level 4 in Shields
  6798 | D:8      | Found a stormy altar of Qazlal.
  6820 | D:8      | Reached skill level 6 in Invocations
  7860 | D:9      | Reached skill level 7 in Invocations
  7870 | D:9      | HP: 33/73 [yak (6)]
  7875 | D:9      | HP: 29/73 [yak (1)]
  7877 | D:9      | Reached skill level 5 in Shields
  7884 | D:9      | HP: 23/73 [yak (8)]
  8273 | D:9      | Found an opulent altar of Gozag.
  8444 | D:10     | Entered Level 10 of the Dungeon
  8595 | D:10     | Found a runed translucent gate.
  8597 | D:10     | Found a runed translucent gate.
  8597 | D:10     | Noticed McGhostyFace's ghost (journeyman GnWn)
  8599 | D:10     | Found a runed translucent gate.
  8660 | D:10     | Noticed an oklob plant
  8661 | D:10     | Found a staircase to the Lair.
  8685 | D:10     | Killed an oklob plant
  8686 | D:10     | Reached skill level 8 in Invocations
  8892 | D:10     | HP: 23/73 [vampire/vampiric draining (15)]
  9306 | D:10     | Received a gift from Okawaru
  9307 | D:10     | Reached skill level 6 in Shields
  9604 | D:11     | HP: 34/73 [kobold brigand/+0 short sword (3)]
  9611 | D:11     | HP: 35/73 [something/puff of flame (1)]
  9616 | D:11     | HP: 33/73 [orc wizard/+0 dagger (3)]
  9866 | D:11     | Reached skill level 13 in Long Blades
 10042 | D:11     | Noticed a boulder beetle
 10045 | D:11     | HP: 26/73 [boulder beetle (47)]
 10046 | D:11     | HP: 9/73 [boulder beetle (17)]
 10054 | D:11     | Killed a boulder beetle
 10055 | D:11     | Reached skill level 9 in Invocations
 10055 | D:11     | Reached XP level 11. HP: 12/78 MP: 17/17
 10137 | D:11     | HP: 30/78 [orc wizard/magic dart (10)]
 10138 | D:11     | HP: 14/78 [orc wizard/+0 dagger (3)]
 10433 | D:11     | Noticed a two-headed ogre
 10467 | D:11     | Killed a two-headed ogre
 10478 | D:11     | HP: 33/78 [orc warrior/+0 battleaxe (15)]
 10503 | D:11     | HP: 36/78 [orc warrior/+0 mace (6)]
 11088 | D:11     | Found a staircase to the Orcish Mines.
 11373 | D:12     | Noticed a two-headed ogre
 11382 | D:12     | Killed a two-headed ogre
 11383 | D:12     | Reached skill level 7 in Shields
 11383 | D:12     | Reached skill level 10 in Invocations
 11602 | D:12     | Noticed a centaur warrior
 11872 | D:12     | Received a gift from Okawaru
 12119 | D:12     | Identified the +9 falchion "Istaej Letimn" {antimagic,
                  | Drain rElec rCorr Stlth+}
 12127 | D:12     | HP: 39/78 [centaur warrior/the +9 falchion "Istaej Letimn"
                  | {antimagic, Drain rElec rCorr Stlth+} (20)]
 12131 | D:12     | Killed a centaur warrior
 12302 | D:12     | Noticed a purple ugly thing
 12310 | D:12     | Killed a purple ugly thing
 12311 | D:12     | Reached skill level 8 in Shields
 12578 | D:13     | Found a runed translucent door.
 12579 | D:13     | Noticed LnG's ghost (journeyman KoSu)
 12586 | D:13     | Reached ****** piety under Okawaru
 12704 | D:13     | Reached skill level 14 in Long Blades
 12805 | D:13     | Noticed Jorgrun
 12922 | Lair:1   | Entered Level 1 of the Lair of Beasts
 12995 | Lair:1   | Found an opulent altar of Gozag.
 12995 | Lair:1   | You fall into a shaft and drop 1 floor!
 13020 | Lair:1   | HP: 37/78 [cane toad (11)]
 13020 | Lair:1   | HP: 17/78 [cane toad (20)]
 13029 | Lair:1   | HP: 28/78 [water moccasin (1)]
 13349 | Lair:1   | Reached XP level 12. HP: 56/85 MP: 19/19
 13919 | Lair:2   | Reached skill level 9 in Shields
 13926 | Lair:2   | Received a gift from Okawaru
 14057 | Lair:2   | Found a staircase to the Snake Pit.
 14115 | Lair:2   | Noticed a six-headed hydra
 14159 | Lair:2   | Killed a one-headed hydra
 14568 | Lair:2   | HP: 42/85 [killer bee (6)]
 14573 | Lair:2   | HP: 35/85 [poisoned by a killer bee]
 14593 | Lair:2   | HP: 37/85 [killer bee (1)]
 14859 | Lair:2   | Reached skill level 15 in Long Blades
 14859 | Lair:2   | Reached skill level 10 in Shields
 14949 | Lair:2   | HP: 42/85 [yak (12)]
 14955 | Lair:2   | HP: 33/85 [yak (11)]
 15501 | Lair:3   | Noticed Sonja
 15515 | Lair:3   | Sonja changed into Sonja the cane toad
 15515 | Lair:3   | Noticed Sonja
 15518 | Lair:3   | Killed Sonja the cane toad
 15604 | Lair:3   | Noticed an eight-headed hydra
 15616 | Lair:3   | HP: 40/85 [seven-headed hydra (8)]
 15621 | Lair:3   | HP: 34/85 [three-headed hydra (2)]
 15622 | Lair:3   | Killed a two-headed hydra
 15820 | Lair:3   | Noticed a six-headed hydra
 15844 | Lair:3   | Received a gift from Okawaru
 15847 | Lair:3   | Reached skill level 16 in Long Blades
 15855 | Lair:3   | Killed a one-headed hydra
 15860 | Lair:3   | Reached skill level 1 in Armour
 15860 | Lair:3   | Reached skill level 3 in Dodging
 16791 | Lair:3   | HP: 39/87 [bog body (24)]
 16793 | Lair:3   | HP: 14/87 [bog body (11)]
 16793 | Lair:3   | Slain by a bog body

Illustrated notes

Levels and vault maps discovered:
D:1:      dpeg_arrival_renting, layout_loops_ring
D:2:      layout_loops_ring
D:3:      layout_loops_corners, mainiacjoe_overflow_six_doors_small,
          fedhas_altar_2, basic_ecumenical_altar, uniq_robin
D:4:      layout_loops_ring, amcnicky_altar_gilded, uniq_duvessa
D:5:      layout_basic, kennysheep_little_box, mainiacjoe_overflow_boulevard,
          uniq_eustachio, uniq_pikel
D:6:      layout_gridville, nemelex_spade_bored_becter, evilmike_ruin_ashenzari,
          mainiacjoe_overflow_alcove_1, minmay_temple_entry_water_ring
D:7:      layout_rooms, nicolae_hepliaklqana_ecumenical_no_more, serial_bayou,
          serial_bayou_lagoon_a, serial_bayou_pond_c, serial_bayou_crossing,
          serial_bayou_lake_a, serial_bayou_shore_b, uniq_crazy_yiuf_cottage
D:8:      layout_basic, mainiacjoe_overflow_brackets
D:9:      layout_small_grid, nicolae_gozag_seed_capital, minivault_25
D:10:     layout_loops_cross, mainiacjoe_overflow_small_starburst,
          dpeg_oklobed_lair, gammafunk_ghost_nasty_kobolds
D:11:     layout_basic, erik_orc_2, hangedman_abyss_or_decor_stagger
D:12:     layout_loops_corners
D:13:     layout_basic, hellmonk_ghost_big_iron, uniq_jorgrun
Lair:1:   layout_chaotic_city, basic_altar, minivault_25, lemuel_fruit_fields,
          grunt_megastairs_5
Lair:2:   layout_gridlike, dummy_snake_entry, special_room [special_room_bee],
          serial_bayou_shore_b, grunt_megastairs_1
Lair:3:   layout_regular_city, nicolae_swamp_entry_splash_gauntlet,
          infiniplex_staircase_pool, grunt_megastairs_2, serial_bayou_shore_a,
          uniq_sonja

Skill      XL: |  1  2  3  4  5  6  7  8  9 10 11 12 |
---------------+-------------------------------------+-----
Long Blades    | 3 4 5 6 7 9 11 12 13 14 16 | 16.0
Invocations    | 5 9 10 | 10.0
Shields        | 3 6 8 10 | 10.0
Armour         | 1 |  1.7
Dodging        | 3 |  3.3
Fighting       | |  3.7
Stealth        | |  1.7

Action                   |  1- 3 |  4- 6 |  7- 9 | 10-12 || total
-------------------------+-------+-------+-------+-------++-------
Melee: Falchion          |    70 |    82 |   232 |   237 ||   621
       Double sword      |       |       |       |   386 ||   386
       Long sword        |       |       |       |    30 ||    30
       Demon blade       |       |       |       |    29 ||    29
Throw: Dart              |       |       |       |     1 ||     1
Invok: Heroism           |       |       |       |     2 ||     2
Evoke: Wand              |       |     1 |     6 |    14 ||    21
  Use: Scroll            |       |       |       |    16 ||    16
       Potion            |       |       |       |     2 ||     2
 Stab: Sleeping          |     9 |       |     2 |     5 ||    16
       Distracted        |       |     1 |     1 |       ||     2
       Paralysed         |       |     3 |       |     8 ||    11
Armor: Robe              |     8 |       |       |       ||     8
       Ring mail         |     1 |    26 |    22 |       ||    49
       Leather armour    |       |       |    50 |   104 ||   154
       Scale mail        |       |       |       |    82 ||    82
Dodge: Dodged            |    32 |    34 |   101 |   201 ||   368
Block: Buckler           |       |       |    13 |    37 ||    50
       Kite shield       |       |       |       |   289 ||   289

Table legend: (Time is in decaauts)
 A = Elapsed time spent in this place.
 B = Non-inter-level travel time spent in this place.
 C = Inter-level travel time spent in this place.
 D = Time resting spent in this place.
 E = Time spent auto-exploring this place.
 F = Levels seen in this place.
 G = Mean time per level.
                   A        B        C        D        E       F      G
               +--------+--------+--------+--------+--------+-----+--------+
         Total |  16756 |  16148 |    608 |    609 |  12911 |  16 | 1047.2 |
       Dungeon |  12896 |  12332 |    564 |    273 |   9968 |  13 |  992.0 |
          Lair |   3859 |   3816 |     43 |    336 |   2943 |   3 | 1286.3 |
               +--------+--------+--------+--------+--------+-----+--------+

Top non-repeatable levels by time:
    D:11: 1674 daAuts
  Lair:2: 1466 daAuts
  Lair:3: 1425 daAuts
    D:12: 1371 daAuts
     D:7: 1167 daAuts
     D:9: 1111 daAuts
     D:3: 1100 daAuts
     D:5: 1097 daAuts
    D:10: 1081 daAuts
  Lair:1: 967 daAuts
     D:4: 963 daAuts
     D:6: 942 daAuts
     D:8: 798 daAuts
     D:2: 655 daAuts
     D:1: 644 daAuts
